[Event "*** Titled Tuesday Blitz"]
[Site "Chess.com"]
[Date "2018.12.04"]
[Round "1"]
[White "NateSolon"]
[Black "sandager"]
[Result "1-0"]
[WhiteElo "2483"]
[BlackElo "1982"]
[TimeControl "180+2"]
[EndTime "13:07:08 PST"]
[Termination "NateSolon won on time"]

1. e4 e5 2. Nf3 Nc6 3. Bc4 Bc5 4.
c3 Nf6 5. d3 d6 6. O-O O-O 7. Re1 Re8 8. h3 h6 9. a4 a6 10. Nbd2 Be6 11. Bxe6 Rxe6 12. Nf1 Re8 13. Ng3 Bb6 14. Nf5 d5 15. Qe2 Qd7 16. Nh2 Rad8 17.
Ng4 Nh7 18. Qf3 Re6 19. Qg3 Rg6 20. Qf3 dxe4 21. dxe4 Qd3 22. Be3 Ng5 23. Qg3 Nxe4 24. Qh4 Ng5 25. Nfxh6+ gxh6 26. Nxh6+ Kg7 27. Bxg5 Rh8 28.
Rad1 1-0

[Event "*** Titled Tuesday Blitz"]
[Site "Chess.com"]
[Date "2018.12.04"]
[Round "1"]
[White "Gabrielian_Artur"]
[Black "Superfelix"]
[Result "1-0"]
[WhiteElo "2718"]
[BlackElo "2384"]
[TimeControl "180+2"]
[EndTime "13:07:12 PST"]
[Termination "Gabrielian_Artur won by resignation"]

1. e4 c5 2. Nc3 a6 3. Nge2 b5 4. g3 Bb7 5. Bg2 g6 6. O-O Bg7 7. d3 d6 8. f4 Nd7 9. f5 Ngf6 10. e5 Bxg2 11. exf6 Bxf1 12. fxg7 Rg8 13. Qxf1 Rxg7 14. Bh6 Rg8 15. Nd5 Nb6 16. Nec3 b4 17. Nxb6 Qxb6 18. Nd5 Qb7 19. Qf3 O-O-O 20. Re1 Rd7 21. Qe4 Re8 22. Nf6 Qxe4 23. Rxe4 gxf5 24. Re1 Kd8 25. Nxe8 Kxe8 26. Rf1 e6 27. h3 a5 28.
g4 fxg4 29. hxg4 a4 30. b3 axb3 31. axb3 Ra7 32. Bf4 e5 33. Bg3 Ra2 34. Rf2 Kd7 35.
Kg2 Ke6 36. Bh4 Kd5 37. Kg3 Kd4 38. Be7 d5 39. Bf6 Ra6 40. g5 c4 41. dxc4 dxc4 42. bxc4 Re6 43. Re2 Kxc4 44. Rxe5 Rc6 45. Re4+ Kb5 46.
Be7 Rxc2 47. Rxb4+ Ka5 48. Rf4 Rc7 49. Rxf7 Kb5 50.
Rxh7 Kc4 51. g6 Kd5 1-0

[Event "*** Titled Tuesday Blitz"]
[Site "Chess.com"]
[Date "2018.12.04"]
[Round "1"]
[White "WanderingPuppet"]
[Black "theblitzchamp"]
[Result "0-1"]
[WhiteElo "2373"]
[BlackElo "2705"]
[TimeControl "180+2"]
[EndTime "13:07:15 PST"]
[Termination "theblitzchamp won by checkmate"]

1. e4 e5 2. Nf3 Nc6 3. Bb5 a6 4.
Ba4 Nge7 5. O-O g6 6. Nc3 Bg7 7. d3 O-O 8. Bg5 h6 9. Bh4 Kh7 10. Nd5 g5 11. Nxg5+ Kh8 12. Bxc6 dxc6 13. Nxe7 Qxe7 14.
Qh5 Bd7 15. Nh7 Qb4 16. Nxf8 Rxf8 17. Bf6 Kh7 18. Bxg7 Kxg7 19. Qxe5+ Kh7 20. Qxc7 Be6 21. c3 Qxb2 22. Rab1 Qxc3 23. Rxb7 Qxd3 24. Qxc6 Kh8 25. Rc1 Qe2 26. Qc3+ Kh7 27. Qf6 Qxe4 28. Rbc7 Rg8 29.
g3 Rg7 30. R7c3 Bh3 31. Qd6 Qg2# 0-1

[Event "*** Titled Tuesday Blitz"]
[Site "Chess.com"]
[Date "2018.12.04"]
[Round "1"]
[White "chidori_boruto"]
[Black "TheMagician"]
[Result "1-0"]
[WhiteElo "2582"]
[BlackElo "2244"]
[TimeControl "180+2"]
[EndTime "13:07:16 PST"]
[Termination "chidori_boruto won by resignation"]

1. d4 Nf6 2. Nf3 d6 3. Bg5 Nbd7 4. Nbd2 h6 5. Bh4 g5 6. Bg3 Nh5 7. e4 Bg7 8. Bc4 Nxg3 9. hxg3 c6 10. c3 b5 11. Bb3 e6 12. Qe2 Qe7 13. Rd1 a5 14. a3 Ba6 15. O-O Nf8 16. Rfe1 Ng6 17. Nf1 a4 18. Ba2 h5 19. Qe3 Bh6 20. N3h2 g4 21. Qe2 Kf8 22. Ne3 Kg7 23. c4 Bxe3 24.
fxe3 bxc4 25. Bxc4 Qb7 26. Rd2 Bxc4 27. Qxc4 Ra6 28.
Rf1 Rb6 29. Rff2 d5 30. Qc2 Rb3 31. Nf1 h4 32. gxh4 Rxh4 33. e5 Qe7 34. Qxc6 Rb8 35. Qxa4 Rbh8 36. Ng3 Qg5 37. Qd7 Rf8 38. Rd3 Nxe5 39.
dxe5 Qxe5 40. Nf1 Qh5 41. Ng3 Qe5 42. Nf1 Qh5 43. Rf4 Rh1+ 44. Kf2 Kg6 45. Rdd4 Qh4+ 46. Ke2 f5 47. Qxe6+ Rf6 48. Qg8+ Kh5 49. Qh7+ Kg5 50. Qg7+ Kh5 51. Rxd5 Qg5 52. Ng3+ Kh4 53. Qxg5+ Kxg3 54. Qxf6 Re1+ 1-0

[Event "*** Titled Tuesday Blitz"]
[Site "Chess.com"]
[Date "2018.12.04"]
[Round "1"]
[White "AdrianaNikolova"]
[Black "bascheyaro"]
[Result "0-1"]
[WhiteElo "2406"]
[BlackElo "2788"]
[TimeControl "180+2"]
[EndTime "13:07:18 PST"]
[Termination "bascheyaro won by resignation"]

1. e4 e6 2. d4 d5 3. Nd2 c5 4.
Ngf3 Nc6 5. exd5 exd5 6. Bb5 c4 7.
O-O Bd6 8. b3 cxb3 9. axb3 Ne7 10.
c4 O-O 11. Re1 Bf5 12. Ba3 Bxa3 13. Rxa3 a6 14. Bxc6 Nxc6 15. Nf1 Bg4 16. c5 Bxf3 17. Qxf3 Nxd4 18. Qd3 Nc6 19. Rd1 Qf6 20. Ne3 d4 21.
Nd5 Qe5 22. Qc4 Rad8 23. Nb6 d3 24. h3 Rd4 25. Qc3 Rfd8 26. Ra2 Re4 27. Qxe5 Rxe5 28.
Rad2 Nb4 29. Na4 g5 30. g3 Kg7 31. Kf1 h5 32. Rc1 Rde8 33. Rc4 Re1+ 34. Kg2 R1e2 35. Rd1 Nc2 36. Kf3 Ne1+ 37. Rxe1 Rxe1 38. Rd4 Rd1 39. Nc3 Rc1 40. Ne4 g4+ 41. hxg4 hxg4+ 42. Kxg4 Rxe4+ 43. Rxe4 d2 44. Rd4 d1=Q+ 45. Rxd1 Rxd1 0-1

[Event "*** Titled Tuesday Blitz"]
[Site "Chess.com"]
[Date "2018.12.04"]
[Round "1"]
[White "julinha97"]
[Black "Zq1"]
[Result "0-1"]
[WhiteElo "2128"]
[BlackElo "2512"]
[TimeControl "180+2"]
[EndTime "13:07:18 PST"]
[Termination "Zq1 won by resignation"]

1. e4 c5 2. Nf3 d6 3. d4 cxd4 4. Nxd4 Nf6 5. Nc3 Nc6 6. Bg5 g6 7. Bxf6 exf6 8. Be2 Bg7 9. O-O Nxd4 10. Qxd4 O-O 11.
Rad1 f5 12. Qd2 Qa5 13. exf5 Bxf5 14. Nd5 Qxd2 15. Rxd2 Be6 16. c3 Rfd8 17. Bf3 Rab8 18. Rfd1 Kf8 19. h3 b5 20. a3 a5 21. Bg4 Bxd5 22. Rxd5 b4 23. axb4 axb4 24. cxb4 Rxb4 25. Rxd6 Rxd6 26. Rxd6 Rxb2 27. g3 h5 28. Bf3 Be5 29. Rd5 Bc7 30. h4 Bb6 31. Rd7 Bxf2+ 32. Kg2 Be1+ 33.
Kf1 Rf2+ 34. Kxe1 Rxf3 0-1

[Event "*** Titled Tuesday Blitz"]
[Site "Chess.com"]
[Date "2018.12.04"]
[Round "1"]
[White "Micki-taryan"]
[Black "Winehouse83"]
[Result "1-0"]
[WhiteElo "2911"]
[BlackElo "2447"]
[TimeControl "180+2"]
[EndTime "13:07:20 PST"]
[Termination "Micki-taryan won by resignation"]

1. Nf3 Nf6 2. g3 g6 3. Bg2 Bg7 4. O-O O-O 5. c4 d6 6. d4 Nbd7 7. Nc3 e5 8. h3 c6 9. e4 Qb6 10. Re1 exd4 11. Nxd4 Ng4 12. Nce2 Nge5 13. b3 Nc5 14.
Be3 a5 15. Rb1 Bd7 16. Rf1 Rfe8 17. Nc2 Qc7 18. Bxc5 dxc5 19. f4 Rad8 20. fxe5 Bxh3 21. Qe1 Bxg2 22. Kxg2 Qxe5 23. Nf4 f5 24. exf5 Qxf5 25. Qf2 Bc3 26. Rbd1 Qe4+ 27. Kh2 Rxd1 28. Rxd1 g5 29. Ng2 Rf8 30. Qe3 Qxc2 31. Rc1 Qb2 32. Qxc3 Qxa2 33.
Qe3 Rf2 34. Qxg5+ Kh8 35. Qd8+ Kg7 36. Qd7+ Kg8 37. Qc8+ Rf8 38. Qe6+ Kg7 39. Rd1 Rf7 40. Rd7 Rxd7 41. Qxd7+ Kg6 42. Qxb7 Kg5 43. Qxc6 Qxb3 44. Qxc5+ Kf6 45. Qxa5 Qxc4 46. Qh5 Qc2 47. Qh6+ Kf7 48. Qf4+ Kg6 49. Kh3 h5 50. Nh4+ Kg7 51. Qg5+ Kf8 52. Qf5+ Qxf5+ 53. Nxf5 Kf7 54. Kh4 Kg6 55. Nd4 1-0

[Event "*** Titled Tuesday Blitz"]
[Site "Chess.com"]
[Date "2018.12.04"]
[Round "1"]
[White "Robert_Chessmood"]
[Black "IamSchrodingersCat"]
[Result "1-0"]
[WhiteElo "2958"]
[BlackElo "2461"]
[TimeControl "180+2"]
[EndTime "13:07:23 PST"]
[Termination "Robert_Chessmood won by resignation"]

1. e4 c5 2. Nf3 d6 3. d4 cxd4 4.
Nxd4 Nf6 5. Nc3 g6 6. Be3 Bg7 7. Be2 O-O 8. Qd2 Nc6 9. O-O-O Bd7 10. Kb1 Rc8 11. f3 Ne5 12. h4 h5 13. Nd5 Nxd5 14. exd5 Nc4 15. Bxc4 Rxc4 16. b3 Rc8 17. Bh6 Qc7 18.
Bxg7 Kxg7 19. g4 Rh8 20. Rhe1 Rce8 21. g5 Qc5 22. Ne2 Bf5 23. Qd4+ Qxd4 24. Nxd4 Bd7 25. Re3 f5 26. f4 Kf7 27. Rde1 Rhg8 28. a4 a6 29. a5 Rh8 30. Kb2 Rhg8 31. c4 Rh8 32.
b4 Rh7 33. c5 dxc5 34. bxc5 Kf8 35. Kc3 Bc8 36. Re5 Rd8 37. Kc4 Rg7 38. Rb1 Ke8 39.
Rb6 Kf8 40. Ne6+ Bxe6 41. Rexe6 Rd7 42. Rxg6 1-0

[Event "*** Titled Tuesday Blitz"]
[Site "Chess.com"]
[Date "2018.12.04"]
[Round "1"]
[White "TheBigBadChessDad"]
[Black "Paparama_1917"]
[Result "1-0"]
[WhiteElo "2286"]
[BlackElo "2588"]
[TimeControl "180+2"]
[EndTime "13:07:23 PST"]
[Termination "TheBigBadChessDad won by resignation"]

1. d4 d6 2. Nf3 Bg4 3. e4 Nd7 4. Be2 c6 5. h3 Bxf3 6. Bxf3 e5 7. c3 Ngf6 8. O-O Be7 9. Re1 O-O 10. Nd2 Qc7 11. Qc2 Rad8 12. a4 Rfe8 13. a5 Bf8 14.
dxe5 dxe5 15. Nc4 Nc5 16. Bg5 Be7 17. Rad1 Ne6 18. Bxf6 Bxf6 19. Bg4 Nf4 20. g3 h5 21.
Bf5 Ne6 22. Bxe6 Rxe6 23. Rxd8+ Bxd8 24. Rd1 h4 25. b4 hxg3 26. fxg3 Bg5 27. Kg2 Qe7 28.
Qd3 Qf6 29. Rf1 Qg6 30. Rf3 Bf6 31. Ne3 Qg5 32. Ng4 Be7 33. Qd7 Rd6 34. Qe8+ Bf8 35. Qxf7+ Kh7 36. Qxf8 Rd2+ 37. Rf2 Rxf2+ 38. Qxf2 Qc1 39. Qf3 b6 40. axb6 axb6 41. h4 c5 42. bxc5 bxc5 43. Nf2 Qd2 44. Qf5+ Kh8 45. Qxe5 c4 46.
Qe8+ Kh7 47. Qh5+ Kg8 48. Qd5+ 1-0

[Event "*** Titled Tuesday Blitz"]
[Site "Chess.com"]
[Date "2018.12.04"]
[Round "1"]
[White "NemtsevIgor"]
[Black "amintabatabaei"]
[Result "0-1"]
[WhiteElo "2378"]
[BlackElo "2708"]
[TimeControl "180+2"]
[EndTime "13:07:24 PST"]
[Termination "amintabatabaei won on time"]

1. d4 Nf6 2. Bf4 c5 3. e3 Nd5 4. Bg3 Qb6 5. Nc3 Nxc3 6. bxc3 d5 7. Nf3 Qa5 8. Qd2 Nc6 9. Be2 Bg4 10. dxc5 e6 11. O-O Bxc5 12. Rab1 Bb6 13. Rb5 Qxa2 14.
Bd6 Rd8 15. Rbb1 d4 16. Ra1 Qd5 17. Ba3 dxe3 18. Qc1 exf2+ 19. Kh1 Bc5 20. c4 Qd6 21.
Bxc5 Qxc5 22. Rb1 O-O 23. Rxb7 Bxf3 24. Bxf3 Ne5 25. Qg5 h6 26. Qh5 Qxc4 27. Rxf2 Rd2 28. Be2 Qd4 29. Qh4 Qxh4 0-1

[Event "*** Titled Tuesday Blitz"]
[Site "Chess.com"]
[Date "2018.12.04"]
[Round "1"]
[White "SmoothAsAHedgehog"]
[Black "DSCC1"]
[Result "1-0"]
[WhiteElo "2549"]
[BlackElo "2186"]
[TimeControl "180+2"]
[EndTime "13:07:25 PST"]
[Termination "SmoothAsAHedgehog won by resignation"]

1. c4 c6 2. g3 d5 3. Bg2 Nf6 4. Nf3 Bg4 5. Ne5 Bf5 6. cxd5 cxd5 7. Nc3 e6 8. Qa4+ Nbd7 9. g4 Bg6 10. h4 h5 11. g5 Ng8 12. Nxg6 fxg6 13. d4 Ne7 14. e4 dxe4 15. Bxe4 Kf7 16. Bf4 Nb6 17. Qd1 Nf5 18. Bxf5 gxf5 19. Be5 Nd5 20. Qb3 Qd7 21. Nxd5 Qxd5 22. Qxd5 exd5 23. Rc1 Kg6 24. Ke2 Bb4 25. Rc7 Rhg8 26. Rxb7 Rab8 27. Rxb8 1-0

[Event "*** Titled Tuesday Blitz"]
[Site "Chess.com"]
[Date "2018.12.04"]
[Round "1"]
[White "Satscho"]
[Black "mikhaillushenkov"]
[Result "0-1"]
[WhiteElo "2324"]
[BlackElo "2646"]
[TimeControl "180+2"]
[EndTime "13:07:26 PST"]
[Termination "mikhaillushenkov won by resignation"]

1. e4 e5 2. Nf3 Nc6 3. Nc3 Nf6 4. d4 exd4 5. Nxd4 Bb4 6. Nxc6 bxc6 7. Bd3 d6 8. O-O h6 9. Qf3 Ng4 10. Qg3 Qf6 11. Bd2 Bc5 12. h3 Ne5 13. Kh1 g5 14. f4 gxf4 15. Bxf4 Be6 16. Be3 Qg6 17. Qxg6 fxg6 18. Bxc5 dxc5 19. Na4 c4 20. Be2 Rb8 21. Nc5 Ke7 22. b3 Rhd8 23. Na6 Rb7 24. Nc5 Rb5 25.
Nxe6 Kxe6 26. Rfd1 Rbb8 27. Bxc4+ Nxc4 28. bxc4 Ke5 29. Kg1 Kxe4 30. Kf2 Rxd1 31. Rxd1 Rb2 32. Re1+ Kd4 33. Re6 Rxc2+ 34. Kg3 Rc3+ 35. Kf4 g5+ 36. Kf5 c5 37. Rxh6 Rg3 38. Rc6 Rxg2 39. Rxc7 Rxa2 40. Kxg5 Kxc4 41. h4 a5 42. h5 Rg2+ 43. Kf4 Rh2 44.
Kg5 a4 45. h6 a3 46. h7 a2 47. Kg6 a1=Q 0-1

[Event "*** Titled Tuesday Blitz"]
[Site "Chess.com"]
[Date "2018.12.04"]
[Round "1"]
[White "vpantev"]
[Black "Schachmalanders"]
[Result "1-0"]
[WhiteElo "2642"]
[BlackElo "2311"]
[TimeControl "180+2"]
[EndTime "13:07:28 PST"]
[Termination "vpantev won by resignation"]

1. d4 d5 2. Nf3 e6 3. Bf4 Nf6 4. e3 Be7 5. Be2 O-O 6. O-O b6 7. c4 Bb7 8. Nc3 dxc4 9. Bxc4 Nbd7 10. Rc1 c5 11. a3 Ne4 12. Nxe4 Bxe4 13. Qe2 cxd4 14.
exd4 Nf6 15. Be5 Bd5 16. Bd3 Bd6 17. h3 Bxe5 18. dxe5 Bxf3 19. Qxf3 Nd5 20. Be4 Qg5 21.
Bxd5 exd5 22. Qxd5 Rad8 23. Qe4 Rd2 24. b4 Rfd8 25. Rc3 g6 26. e6 Qe7 27. exf7+ Qxf7 28. Rf3 Qd5 29. Qe7 Qd7 30. Qe3 Rd3 31. Qe2 Rxf3 32. Qxf3 Qd3 33. Qf6 Qd4 34. Qxd4 Rxd4 35. Rc1 Rd7 36.
Rc8+ Kg7 37. Ra8 Kf6 38. a4 Ke5 39. a5 bxa5 40. bxa5 Kd5 41. Rb8 Kc6 42. a6 h5 43.
Rg8 Rd6 44. Rb8 Rd1+ 45. Kh2 Ra1 46. Rg8 Kb5 47. Rxg6 Rxa6 48. Rg5+ Kc4 49. Rxh5 Ra2 50. f4 a5 51. f5 a4 52. f6 Kb4 53. Rf5 1-0

[Event "*** Titled Tuesday Blitz"]
[Site "Chess.com"]
[Date "2018.12.04"]
[Round "1"]
[White "staz_staz"]
[Black "Alexander_Donchenko"]
[Result "0-1"]
[WhiteElo "2359"]
[BlackElo "2681"]
[TimeControl "180+2"]
[EndTime "13:07:29 PST"]
[Termination "Alexander_Donchenko won by resignation"]

1. d4 Nf6 2. Nf3 d5 3. c4 e6 4. e3 dxc4 5. Bxc4 c5 6. O-O a6 7. a4 Nc6 8. Qe2 Qc7 9. Rd1 Be7 10. Nc3 O-O 11. h3 b6 12. Bd2 Bb7 13. Rac1 Rfd8 14. Ba2 Rac8 15. dxc5 bxc5 16. e4 Nd7 17. Bg5 Bxg5 18.
Nxg5 Nd4 19. Qg4 Ne5 20. Qg3 h6 21. f4 Nec6 22. Nf3 Nxf3+ 23. Qxf3 Nd4 24. Qf2 Qb6 25. Rd2 Bc6 26. Rcd1 Qb7 27. f5 exf5 28. exf5 Qe7 29. f6 Qxf6 30. Qg3 Qg5 31. Qf2 Nf3+ 32. Kh1 Rxd2 33.
Rxd2 Qxd2 0-1

[Event "*** Titled Tuesday Blitz"]
[Site "Chess.com"]
[Date "2018.12.04"]
[Round "1"]
[White "armago"]
[Black "MartinNeu"]
[Result "0-1"]
[WhiteElo "2004"]
[BlackElo "2487"]
[TimeControl "180+2"]
[EndTime "13:07:32 PST"]
[Termination "MartinNeu won on time"]

1. d4 Nf6 2. c4 e6 3. Nc3 Bb4 4. e3 O-O 5. Bd3 c5 6. Nf3 d5 7.
O-O b6 8. a3 Bxc3 9. bxc3 Ba6 10. cxd5 exd5 11. Bxa6 Nxa6 12. a4 Re8 13. Qd3 c4 14.
Qc2 Nb8 15. Re1 Nc6 16. Nd2 Qd7 17. f3 Rab8 18. e4 dxe4 19. fxe4 Nxd4 20. Qa2 Nb3 21. Nxb3 cxb3 22. Qxb3 Nxe4 23. Bf4 Rbc8 24. Rad1 Qf5 25. g3 h6 26. Qb4 Re6 27. Rf1 Nxc3 28. Be3 Qh5 29.
Rde1 Ne2+ 30. Kg2 Rxe3 31. Rf2 Qd5+ 32. Kh3 Re5 33. Qh4 Rh5 0-1

[Event "*** Titled Tuesday Blitz"]
[Site "Chess.com"]
[Date "2018.12.04"]
[Round "1"]
[White "sergiochess83"]
[Black "Albertu"]
[Result "1-0"]
[WhiteElo "2765"]
[BlackElo "2401"]
[TimeControl "180+2"]
[EndTime "13:07:33 PST"]
[Termination "sergiochess83 won by resignation"]

1. e4 c5 2. Nf3 d6 3. d4 cxd4 4. Nxd4 Nf6 5. Nc3 a6 6. Be3 Nbd7 7. g4 h6 8. Bg2 Ne5 9. h3 g5 10. Qe2 b5 11. a4 b4 12. Nd5 e6 13. Nxb4 d5 14. Nbc6 Nxc6 15. Nxc6 Qc7 16. exd5 Bg7 17. d6 Qxd6 18. Rd1 Nd5 19. c4 Qxc6 20. cxd5 Qxa4 21.
dxe6 Rb8 22. exf7+ Kxf7 23. Bd5+ Be6 24. Bxe6+ Kxe6 25. Bc5+ Kf7 26. Qe7+ Kg6 27. Qe6+ Bf6 28. Qf5+ Kf7 29.
Rd7+ Qxd7 30. Qxd7+ Kg6 31. Qf5+ Kg7 32. O-O Rxb2 33.
Rd1 Rb7 34. Rd6 Rd7 35. Rxd7+ 1-0

[Event "*** Titled Tuesday Blitz"]
[Site "Chess.com"]
[Date "2018.12.04"]
[Round "1"]
[White "GadimbayliA"]
[Black "dmosesov"]
[Result "1-0"]
[WhiteElo "2647"]
[BlackElo "2333"]
[TimeControl "180+2"]
[EndTime "13:07:34 PST"]
[Termination "GadimbayliA won on time"]

1. e4 c5 2. Nf3 e6 3. d4 cxd4 4. Nxd4 Nc6 5. Nc3 Qc7 6. Be3 a6 7. Qd2 Nf6 8. f4 Bb4 9. Bd3 d5 10. e5 Ng4 11. Bg1 f6 12. Nxc6 Qxc6 13. Bd4 fxe5 14.
fxe5 O-O 15. O-O-O Bc5 16. h3 Nf2 17. Bxf2 Rxf2 18.
Qg5 Bd7 19. Kb1 Raf8 20. h4 h6 21. Qg6 R2f5 22. Bxf5 Rxf5 23. Rhf1 Bf2 24. Rd2 Be8 25. Qg4 Bh5 26. Qa4 Qxa4 27. Nxa4 Be3 28. Rxf5 exf5 29.
Rxd5 Bg6 30. Nc5 f4 31. Rd8+ 1-0

[Event "*** Titled Tuesday Blitz"]
[Site "Chess.com"]
[Date "2018.12.04"]
[Round "1"]
[White "Chessmatus"]
[Black "johnathan113"]
[Result "1-0"]
[WhiteElo "2175"]
[BlackElo "2530"]
[TimeControl "180+2"]
[EndTime "13:07:34 PST"]
[Termination "Chessmatus won on time"]

1. d4 Nf6 2. c4 g6 3. Nc3 Bg7 4. e4 d6 5. Be2 O-O 6. Be3 Na6 7. Nf3 c6 8. O-O e5 9. d5 Ng4 10. Bg5 f6 11. Bh4 c5 12. Nd2 h5 13. Rb1 Nh6 14. f3 Nf7 15. Bd3 Bh6 16. Qe2 Bg5 17. Bxg5 Nxg5 18. a3 Qe7 19. b4 h4 20. Kh1 h3 21.
g3 f5 22. f4 exf4 23. gxf4 Nh7 24. e5 Kh8 25. Nf3 b6 26. Rfe1 Bd7 27. Rg1 Qg7 28. Rg3 Qh6 29. e6 Be8 30. Ng5 Nxg5 31. fxg5 Qh4 32. Qf3 Kg7 33. Rxh3 Qxg5 34. Rg1 Qd2 35.
Bxf5 cxb4 36. axb4 Nxb4 37. Qh5 Rc8 38. Rxg6+ 1-0

[Event "*** Titled Tuesday Blitz"]
[Site "Chess.com"]
[Date "2018.12.04"]
[Round "1"]
[White "Ali_rastbod"]
[Black "cool4chess"]
[Result "1-0"]
[WhiteElo "2593"]
[BlackElo "2259"]
[TimeControl "180+2"]
[EndTime "13:07:35 PST"]
[Termination "Ali_rastbod won by resignation"]

1. d4 d5 2. c4 c6 3. Nf3 Nf6 4. e3 Bf5 5. Qb3 Qb6 6. cxd5 cxd5 7. Nc3 e6 8. Be2 Qxb3 9. axb3 Bb4 10. Bd2 Nc6 11. O-O O-O 12. Rfc1 Rfc8 13. Na4 Ne4 14. Bc3 Nxc3 15. bxc3 Be7 16. b4 h6 17. Nd2 Rc7 18. Nb3 Rac8 19. Nac5 b6 20. Na6 Rb7 21. b5 Nb8 22. Nxb8 Rcxb8 23. c4 dxc4 24. Rxc4 Be4 25. Bf3 Bxf3 26. gxf3 Ra8 27. Nc1 Rd8 28. Nd3 Rd5 29.
Rb1 Bd8 30. Ne5 Bf6 31. Nc6 Rd6 32. Ra4 Rdd7 33. f4 Rbc7 34. Rba1 Rd5 35. Rxa7 Rxa7 36.
Nxa7 Be7 37. Nc6 Bf8 38. Ra8 g6 39. Ne7+ Kg7 40. Nxd5 exd5 41. Rb8 1-0

[Event "*** Titled Tuesday Blitz"]
[Site "Chess.com"]
[Date "2018.12.04"]
[Round "1"]
[White "Marcus_Harvey"]
[Black "JMatias"]
[Result "1-0"]
[WhiteElo "2691"]
[BlackElo "2365"]
[TimeControl "180+2"]
[EndTime "13:07:37 PST"]
[Termination "Marcus_Harvey won by resignation"]

1. Nf3 Nf6 2. b3 e6 3. Bb2 Be7 4. e3 O-O 5. Be2 b6 6. O-O Bb7 7. c4 d5 8. d4 dxc4 9. Bxc4 c5 10. Nc3 Nc6 11. dxc5 Bxc5 12. Qe2 Qe7 13. a3 a6 14. b4 Bd6 15. Rac1 b5 16. Bb3 Rfd8 17. Rfd1 Rac8 18.
Rd2 Ne5 19. Nxe5 Bxe5 20. Rxd8+ Rxd8 21. Nb1 Bxb2 22. Qxb2 Qd7 23. h3 Rc8 24. Nd2 Rxc1+ 25. Qxc1 Qc6 26. Qxc6 Bxc6 27. f3 Kf8 28. e4 e5 29. Ba2 Ke7 30. Nb3 Nd7 31. Na5 Ba8 32. Kf2 f6 33. Ke3 g5 34. Bd5 Bxd5 35. exd5 f5 36.
g4 Kd6 37. gxf5 Kxd5 38. Nb3 h5 39. Nd2 Nb6 40. Ne4 Nc4+ 41. Kd3 Nxa3 42. Nxg5 Nc4 43.
f6 Nb6 44. f7 Nd7 45. Nh7 1-0

[Event "*** Titled Tuesday Blitz"]
[Site "Chess.com"]
[Date "2018.12.04"]
[Round "1"]
[White "TheRigos"]
[Black "Msb2"]
[Result "0-1"]
[WhiteElo "2395"]
[BlackElo "2739"]
[TimeControl "180+2"]
[EndTime "13:07:39 PST"]
[Termination "Msb2 won by resignation"]

1. e4 e6 2. d4 d5 3. Nd2 Be7 4.
Ngf3 Nf6 5. e5 Nfd7 6. Bd3 c5 7. c3 Nc6 8. O-O g5 9. b4 cxb4 10. cxb4 Nxb4 11. Be2 Nc6 12. Nb3 a5 13. a4 b6 14. Bb5 Nb4 15. Qd2 h6 16. Bb2 Ba6 17.
Rfc1 Bxb5 18. axb5 Nf8 19. Rc3 Ng6 20. Ba3 O-O 21.
Rac1 Qd7 22. Rc7 Qxb5 23. h4 Bd8 24. Rb7 Qa6 25. Rd7 Rc8 26. hxg5 hxg5 27. Nxg5 Rxc1+ 28. Nxc1 Qc8 29. Ra7 Nc6 30. Bxf8 Nxa7 31. Bd6 Nb5 32. Nxf7 Kxf7 33. Qh6 Nxd6 34. Qh7+ Ke8 35.
Qxg6+ Nf7 36. Nd3 Be7 37. Nf4 Qc1+ 38. Kh2 Qxf4+ 0-1

[Event "*** Titled Tuesday Blitz"]
[Site "Chess.com"]
[Date "2018.12.04"]
[Round "1"]
[White "DawidCzerw"]
[Black "ChessQueen"]
[Result "0-1"]
[WhiteElo "2233"]
[BlackElo "2573"]
[TimeControl "180+2"]
[EndTime "13:07:40 PST"]
[Termination "ChessQueen won by resignation"]

1. d4 Nf6 2. c4 e6 3. Nf3 c5 4.
d5 b5 5. dxe6 fxe6 6. cxb5 a6 7.
Nc3 Be7 8. e4 Bb7 9. Bd3 axb5 10.
e5 Nd5 11. Nxb5 O-O 12. O-O Nf4 13. Bxf4 Rxf4 14. Nd2 Nc6 15. Qh5 Rh4 16. Qe2 Nd4 17.
Nxd4 Rxd4 18. f4 Qb6 19. Nc4 Qc6 20. Rf2 Bh4 21. Rf3 Qc7 22. Rff1 g6 23. Nd6 Rxd6 24. exd6 Qxd6 25. Rad1 Bf6 26. Kh1 Qc6 27. Bc4 d5 28.
Bd3 c4 29. Bb1 d4 30. Rg1 d3 31. Qd2 Bd4 32. Rgf1 Be3 0-1

[Event "*** Titled Tuesday Blitz"]
[Site "Chess.com"]
[Date "2018.12.04"]
[Round "1"]
[White "Gubajdullin"]
[Black "Parhamov"]
[Result "0-1"]
[WhiteElo "2439"]
[BlackElo "2847"]
[TimeControl "180+2"]
[EndTime "13:07:41 PST"]
[Termination "Parhamov won by resignation"]

1. d4 Nf6 2. Bf4 c5 3. e3 Qb6 4. Nc3 cxd4 5. exd4 d5 6. a3 a6 7. Bd3 Nc6 8. Nge2 Bg4 9. Qd2 e6 10.
f3 Bh5 11. O-O-O Be7 12. h4 Bg6 13. g4 Rc8 14. Na4 Qa7 15. h5 Bxd3 16. Qxd3 b5 17.
Nc5 h6 18. Nb3 Nd7 19. Rdg1 a5 20. g5 a4 21. Nd2 b4 22. Nb1 bxa3 23. bxa3 Na5 24.
gxh6 gxh6 25. Rg7 Bf6 26. Rg4 Qb7 27. Bd6 Be7 28. Bxe7 Kxe7 29. Rg7 Nc4 30. Nec3 Qb2+ 31. Kd1 Nf6 32. Re1 Rhg8 33. Reg1 Rxg7 34. Rxg7 Qxb1+ 35.
Nxb1 Nb2+ 36. Kd2 Nxd3 37. Kxd3 Nxh5 38. Rh7 Nf4+ 39. Kd2 h5 40. Nc3 Kf6 41. Ne2 Nxe2 42.
Kxe2 Kg6 0-1

[Event "*** Titled Tuesday Blitz"]
[Site "Chess.com"]
[Date "2018.12.04"]
[Round "1"]
[White "Bad_left_hook"]
[Black "AndrewMcStone"]
[Result "1-0"]
[WhiteElo "2521"]
[BlackElo "2131"]
[TimeControl "180+2"]
[EndTime "13:07:41 PST"]
[Termination "Bad_left_hook won by resignation"]

1. d4 Nf6 2. c4 g6 3. Nc3 Bg7 4. e4 d6 5. Nf3 O-O 6. Be2 e5 7.
O-O exd4 8. Nxd4 Re8 9. f3 c6 10. Nc2 Qb6+ 11. Kh1 Rd8 12. Be3 Qc7 13. Qe1 Na6 14.
Rd1 Be6 15. Qf2 Nd7 16. Bd4 Ne5 17. f4 Ng4 18. Qg1 Bxd4 19. Nxd4 Qe7 20. Nxe6 Qxe6 21.
f5 gxf5 22. exf5 Qe3 23. Bxg4 Qg5 24. Qd4 Nc5 25. b4 Nd7 26. Bf3 Ne5 27. Ne4 Qh6 28. Nxd6 Nxc4 29. Qg4+ 1-0

[Event "*** Titled Tuesday Blitz"]
[Site "Chess.com"]
[Date "2018.12.04"]
[Round "1"]
[White "walkingcreep"]
[Black "LuisFSiles"]
[Result "1-0"]
[WhiteElo "2574"]
[BlackElo "2234"]
[TimeControl "180+2"]
[EndTime "13:07:53 PST"]
[Termination "walkingcreep won by resignation"]

1. d4 Nf6 2. c4 c5 3. d5 e6 4. Nc3 exd5 5. cxd5 d6 6. e4 g6 7. f4 Bg7 8. Bb5+ Nfd7 9. Bd3 O-O 10. Nf3 a6 11. a4 Nf6 12. O-O Bg4 13. h3 Bxf3 14. Qxf3 Nbd7 15. a5 Ne8 16. Bd2 Nc7 17. Rab1 b5 18. axb6 Nxb6 19. b4 Bd4+ 20. Kh1 cxb4 21.
Ne2 Bg7 22. Bxb4 Nb5 23. Ba5 Qc7 24. Bxb5 axb5 25. Rxb5 Qc4 26. Rxb6 Rxa5 27. Rxd6 Ra2 28. Ng3 Rb8 29. Rc6 Qa4 30. e5 Rb3 31. Rc3 Rbb2 32.
Rg1 Qd4 33. Rc8+ Bf8 34. d6 Rf2 35. Qe4 Qd2 36. e6 Qxd6 37. e7 1-0

[Event "*** Titled Tuesday Blitz"]
[Site "Chess.com"]
[Date "2018.12.04"]
[Round "1"]
[White "WorldChampionBulletChess"]
[Black "rednova1729"]
[Result "0-1"]
[WhiteElo "2140"]
[BlackElo "2537"]
[TimeControl "180+2"]
[EndTime "13:07:53 PST"]
[Termination "rednova1729 won by checkmate"]

1. d4 Nf6 2. c4 e6 3. Nf3 b6 4. Nc3 Bb7 5. Bg5 Be7 6. Qc2 O-O 7. g3 h6 8. Bd2 d5 9. cxd5 Nxd5 10. Bg2 Nxc3 11. bxc3 Nd7 12. O-O Nf6 13. a4 c5 14. e3 Rc8 15. Qb2 Ne4 16. Rfd1 cxd4 17. cxd4 Nxd2 18. Rxd2 Be4 19. Qb5 Qd5 20. Ne1 Rc3 21.
Qxd5 exd5 22. Bxe4 dxe4 23. Ng2 Rfc8 24. Nf4 Bd6 25. Nd5 Rc1+ 26. Rxc1 Rxc1+ 27. Kg2 f5 28. Ra2 Kf7 29. a5 b5 30. h3 Ke6 31. Nf4+ Bxf4 32. gxf4 a6 33. Ra3 Kd5 34. Kg3 Kc4 35.
Kh4 g6 36. Kg3 b4 37. Ra2 Kb5 38. Rd2 b3 39. d5 Rc2 40. Rd1 b2 41. d6 Rc1 42.
Rd5+ Rc5 43. Rxc5+ Kxc5 44. d7 b1=Q 45. d8=Q Qg1+ 46.
Kh4 Qxf2# 0-1